[Event "*** Titled Tuesday Blitz"]
[Site "Chess.com"]
[Date "2021.02.09"]
[Round "11"]
[White "Ze-Pequeno"]
[Black "boasovietica"]
[Result "0-1"]
[WhiteElo "2255"]
[BlackElo "2456"]
[TimeControl "180+1"]
[EndTime "12:07:55 PST"]
[Termination "boasovietica won on time"]

1. e4 e5 2. Nf3 Nc6 3. Nc3 Nf6 4. d4 exd4 5. Nxd4 Bb4 6. Nxc6 bxc6 7.
Bd3 d5 8. exd5 O-O 9. O-O cxd5 10. Bg5 c6 11. Qf3 h6 12. Bf4 Bd6 13. h3 Rb8 14. b3 Rb4 15. Bxd6 Qxd6 16. Rad1 Nd7 17. Ne2 Ne5 18. Qg3 Qf6 19. c3 Rb7 20. Bc2 Re7 21.
Nd4 Rfe8 22. b4 Bd7 23. Rde1 Nc4 24. Rxe7 Qxe7 25. Bd3 Ne5 26. Ba6 Qf6 27. Re1 Re7 28. Bf1 g6 29. f4 Nc4 30. Bxc4 dxc4 31. Re3 Rxe3 32. Qxe3 Bf5 33. Qe8+ Kg7 34. Qxc6 Qe7 35. Qxc4 Qe3+ 36. Kh1 Qc1+ 37. Kh2 Qxf4+ 38. Kg1 Qe3+ 39. Kf1 Bd3+ 0-1

[Event "*** Titled Tuesday Blitz"]
[Site "Chess.com"]
[Date "2021.02.09"]
[Round "11"]
[White "MarceloPlaya"]
[Black "davigator"]
[Result "1-0"]
[WhiteElo "2287"]
[BlackElo "2347"]
[TimeControl "180+1"]
[EndTime "12:07:55 PST"]
[Termination "MarceloPlaya won by checkmate"]

1. e4 c5 2. Nf3 Nc6 3. d4 cxd4 4. Nxd4 Nf6 5. Nc3 d6 6. Bg5 a6 7. Qd2 e6 8. O-O-O Bd7 9. f3 b5 10. Kb1 Ne5 11. Bd3 Qc7 12. h4 Rb8 13. g4 Nc4 14. Bxc4 Qxc4 15. Be3 b4 16. Nce2 a5 17. h5 h6 18. Nc1 a4 19. Rhe1 Be7 20. Nd3 O-O 21. e5 Nd5 22. Ka1 a3 23. b3 Qc3+ 24. Qxc3 Nxc3 25. Rd2 d5 26. f4 Rfc8 27. g5 Ne4 28. Rg2 hxg5 29. fxg5 Rc3 30. g6 f6 31. h6 gxh6 32.
Bxh6 Bb5 33. Bf4 Bxd3 34. cxd3 Rxd3 35. g7 Rxd4 36. Rh1 Kf7 37. g8=Q+ Rxg8 38. Rh7+ Kf8 39. Bh6+ Ke8 40. Rxg8+ Kd7 41. Kb1 Nc3+ 42. Kc2 fxe5 43. Rgg7 Rh4 44. Rxe7+ Kd6 45. Rd7+ Kc6 46. Rc7+ Kb5 47.
Rb7+ Kc6 48. Rhc7+ Kd6 49. Bf8# 1-0

[Event "*** Titled Tuesday Blitz"]
[Site "Chess.com"]
[Date "2021.02.09"]
[Round "11"]
[White "Sjakkerntobi"]
[Black "Fiona"]
[Result "1-0"]
[WhiteElo "2303"]
[BlackElo "2137"]
[TimeControl "180+1"]
[EndTime "12:07:57 PST"]
[Termination "Sjakkerntobi won on time"]

1. e4 e5 2. Nf3 Nc6 3. Bb5 a6 4. Ba4 d6 5. c3 Bd7 6. d4 Nge7 7. O-O Ng6 8. Re1 Be7 9. Nbd2 h6 10. Nf1 Bg5 11.
Ng3 Bxc1 12. Rxc1 O-O 13. d5 Nb8 14. Bxd7 Nxd7 15. c4 Nf4 16. Ne2 Kh7 17. Nxf4 exf4 18. Qd4 g5 19. b4 g4 20. Nd2 Qh4 21. f3 Ne5 22. Rf1 g3 23. h3 Qf6 24. Nb3 a5 25.
a3 axb4 26. axb4 Ra3 27. Qd1 Rfa8 28. c5 b5 29. cxd6 Qxd6 30. Nc5 Nc4 31. Qd4 f6 32.
Rfe1 Ne3 33. Re2 Ra2 34. e5 Qxe5 35. Qxe5 fxe5 36. Rxa2 Rxa2 37. Nd3 Rxg2+ 38. Kh1 Rd2 39. Nxe5 Rxd5 40. Rxc7+ 1-0

[Event "*** Titled Tuesday Blitz"]
[Site "Chess.com"]
[Date "2021.02.09"]
[Round "11"]
[White "Deepweb2020"]
[Black "floplover"]
[Result "1-0"]
[WhiteElo "2467"]
[BlackElo "2307"]
[TimeControl "180+1"]
[EndTime "12:07:59 PST"]
[Termination "Deepweb2020 won on time"]

1. d4 d5 2. c4 e6 3. Nf3 Nf6 4. g3 Be7 5. Bg2 O-O 6. O-O dxc4 7. Qc2 a6 8. a4 Bd7 9. Qxc4 Bc6 10. Bf4 Bd6 11. Nc3 Nbd7 12. a5 Bxf4 13. gxf4 Bxf3 14. Bxf3 c6 15. Kh1 Nd5 16. e3 Qe7 17. Rg1 Rac8 18.
Qf1 Qb4 19. Qg2 g6 20. f5 exf5 21. Bxd5 Qxb2 22. Na4 Qb4 23. Bf3 Qxa5 24. Nc5 Qc7 25.
Nd3 a5 26. h4 Ra8 27. h5 Qd6 28. Nf4 Kg7 29. d5 c5 30. Rac1 b5 31. Qg5 Ne5 32. Be2 c4 33. h6+ Kh8 34. e4 fxe4 35. Nh5 Ra6 36.
Rb1 b4 37. Ng3 Qxd5 38. Rgd1 Qe6 39. Nxe4 Qh3+ 40. Kg1 Nf3+ 41. Bxf3 Qxf3 42. Qe5+ f6 43. Qe7 Qg4+ 44. Ng3 1-0

[Event "*** Titled Tuesday Blitz"]
[Site "Chess.com"]
[Date "2021.02.09"]
[Round "11"]
[White "Nikolaj_6"]
[Black "SilviusTiberius"]
[Result "0-1"]
[WhiteElo "2624"]
[BlackElo "2522"]
[TimeControl "180+1"]
[EndTime "12:08:00 PST"]
[Termination "SilviusTiberius won by resignation"]

1. e4 e5 2. Nf3 Nc6 3. Bb5 Nf6 4. d3 Bc5 5. c3 d5 6. Qe2 O-O 7. Bg5 dxe4 8. dxe4 h6 9. Bh4 Qe7 10. O-O Bd7 11. b4 Bb6 12. Nbd2 g5 13. Bg3 Nh5 14. a4 a6 15. Bxc6 Nxg3 16. hxg3 Bxc6 17. Nc4 f6 18.
Nxb6 cxb6 19. Nd2 b5 20. axb5 axb5 21. Qe3 Kg7 22. Nb3 Rfd8 23. Na5 Be8 24. Rfd1 Qc7 25. Nb3 Bf7 26. Nd2 Rac8 27. Rdc1 Rd7 28. Nf1 Qc4 29.
Qe1 Rd3 30. Ra7 Rc7 31. g4 Be6 32. Qe2 Rcd7 33. Ng3 Rxc3 34. Rxc3 Qxc3 35. Qxb5 Qe1+ 36. Kh2 Qxf2 37. Rxb7 Rxb7 38. Qxb7+ Kg6 39. Qb8 Qa2 40. Qe8+ Bf7 41. Qd7 Be6 42. Qe8+ Bf7 43. Qh8 Be6 44. Nf5 Bxf5 45. exf5+ Kf7 46. Qxh6 Qf2 47. Qg6+ Ke7 48. Qg7+ Ke8 49. Qh8+ Ke7 50. Qh3 Qf4+ 51. g3 Qd2+ 52. Qg2 Qxg2+ 53. Kxg2 Kd6 54. Kf3 Kd5 55. Ke3 Kc4 0-1

[Event "*** Titled Tuesday Blitz"]
[Site "Chess.com"]
[Date "2021.02.09"]
[Round "11"]
[White "GigaQuparadze"]
[Black "exoticprincess"]
[Result "1/2-1/2"]
[WhiteElo "2915"]
[BlackElo "2866"]
[TimeControl "180+1"]
[EndTime "12:08:02 PST"]
[Termination "Game drawn by repetition"]

1. e4 e5 2. Nf3 Nf6 3. Nc3 d6 4. d4 Nbd7 5. Bc4 Be7 6. O-O O-O 7. Re1 h6 8. h3 Re8 9. a4 Bf8 10. b3 a5 11. Bb2 c6 12. d5 Nc5 13. Ba3 Qb6 14.
Qe2 Bd7 15. Rad1 Rec8 16. Qe3 Qc7 17. Bxc5 dxc5 18. dxc6 bxc6 19. Na2 Be8 20. Nc1 Nd7 21. Qc3 Rd8 22. Nd3 Bd6 23. Nh4 Bf8 24. Ng6 Bd6 25. Nh4 Bf8 26. Nf5 Kh7 27. Ne3 Bd6 28. Nb2 Nb6 29. Bd3 c4 30. Nexc4 Bb4 31. Qxe5 Qxe5 32.
Nxe5 Bxe1 33. Rxe1 Kg8 34. Nbc4 Nxc4 35. Nxc4 Kf8 36.
e5 Bd7 37. Nb6 Ra7 38. f4 Rb7 39. Nc4 Ra7 40. f5 Bc8 41. Nd6 Re7 42. Kf2 f6 43.
Nxc8 Rxc8 44. e6 Rd8 45. Be4 c5 46. Re3 Rc7 47. Bd3 Rd4 48. g4 Ke7 49. Ke2 Rc6 50.
c3 Rd8 51. Bb5 Rcd6 52. Bd7 Rb8 53. Bb5 Rbd8 54. Bd3 Rb6 55. Bc4 Rbd6 56. Bd3 Rd5 57. Kd2 h5 58. Kc2 h4 59. Kd2 Rb8 60. Kc2 Rbd8 61. Kd2 R5d6 62. Ke2 Rb6 63. Bb5 Rbd6 64. Bd3 Rd5 65. Kd2 1/2-1/2

[Event "*** Titled Tuesday Blitz"]
[Site "Chess.com"]
[Date "2021.02.09"]
[Round "11"]
[White "DenLaz"]
[Black "francyIM"]
[Result "1-0"]
[WhiteElo "2777"]
[BlackElo "2571"]
[TimeControl "180+1"]
[EndTime "12:08:02 PST"]
[Termination "DenLaz won by resignation"]

1. d4 Nf6 2. c4 d6 3. Nf3 Nbd7 4. g3 e5 5. Nc3 Be7 6. Bg2 O-O 7. O-O c6 8. e4 a6 9. h3 Qc7 10. Be3 b5 11. dxe5 dxe5 12. Qc2 Bb7 13. a3 Bc5 14.
Bd2 Nb6 15. b4 Be7 16. c5 Nc4 17. Bc1 a5 18. Ra2 Bc8 19. Qb1 h6 20. Rd1 Be6 21.
Ra1 Rfd8 22. Nd2 Rd4 23. Nxc4 Rxc4 24. Bd2 axb4 25. axb4 Rd8 26. Qb2 Rdd4 27. Ne2 Rd3 28. Bc3 Rxd1+ 29. Rxd1 Nd7 30. Nc1 f6 31. Nb3 Nf8 32.
Na5 Rxc3 33. Qxc3 Nd7 34. h4 Nb8 35. Kh2 Qc8 36. Bf1 Na6 37. Bd3 Qe8 38. Bc2 Kh7 39. Bb3 Bc8 40. Ba2 Nc7 41. Nb3 Ne6 42. Rd3 Qh5 43. Qd2 Qg4 44. Qe3 Qh5 45. Qf3 Qg6 46. Qf5 Qxf5 47. exf5 Nc7 48. g4 h5 49. Na5 hxg4 50.
Nxc6 Bf8 51. Rd8 1-0

[Event "*** Titled Tuesday Blitz"]
[Site "Chess.com"]
[Date "2021.02.09"]
[Round "11"]
[White "annacramling"]
[Black "akanga001"]
[Result "0-1"]
[WhiteElo "2089"]
[BlackElo "1961"]
[TimeControl "180+1"]
[EndTime "12:08:02 PST"]
[Termination "akanga001 won on time"]

1. d4 Nf6 2. c4 b6 3. Nc3 Bb7 4. Qc2 g6 5. e4 d6 6. Nf3 Bg7 7. Bd3 O-O 8. O-O c5 9. d5 Nbd7 10. a3 a6 11. b4 Qc7 12. Bb2 Ng4 13. Rac1 Bh6 14. Rb1 Nde5 15. Nd2 Nxd3 16. Qxd3 Ne5 17.
Qe2 Bxd2 18. Qxd2 Nxc4 19. Qd3 Nxb2 20. Rxb2 c4 21. Qg3 b5 22. f4 Qb6+ 23. Kh1 Qd4 24.
Rbf2 Rad8 25. f5 Qe5 26. Rf4 Qg7 27. f6 exf6 28. Rxf6 Rfe8 29. h3 Re7 30. Rxd6 Rxd6 31. Qxd6 Re8 32. Qd7 Rf8 33. Qxb7 Qxc3 34. Rd1 Qb3 35.
Re1 Qxa3 36. d6 Qxb4 37. Rd1 Qb3 38. Re1 Qd3 39. d7 Rd8 40. e5 Qxd7 41. Qf3 Qd2 42. Rf1 Qd7 43. Re1 Qe6 44. Qb7 Rd7 45. Qa8+ Kg7 46. Rf1 c3 47. Qe4 Rd5 48. Rc1 Qxe5 49. Qf3 b4 50. Rf1 Qe6 51. Qg3 c2 52. Rc1 Rd1+ 0-1

[Event "*** Titled Tuesday Blitz"]
[Site "Chess.com"]
[Date "2021.02.09"]
[Round "11"]
[White "oykuince"]
[Black "Walter_White_Poland"]
[Result "0-1"]
[WhiteElo "1994"]
[BlackElo "2266"]
[TimeControl "180+1"]
[EndTime "12:08:03 PST"]
[Termination "Walter_White_Poland won on time"]

1. e4 e5 2. Nc3 Nf6 3. g3 Bc5 4. Bg2 d6 5. Nge2 a6 6. O-O Ba7 7. d3 Nc6 8. h3 Be6 9. Nd5 Bxd5 10. exd5 Ne7 11. d4 Nexd5 12. c4 Ne7 13. Bxb7 Rb8 14.
Bg2 O-O 15. Bg5 Ng6 16. dxe5 dxe5 17. Qxd8 Rfxd8 18. b3 a5 19. Rad1 h6 20. Bxf6 gxf6 21. Nc3 Kg7 22. Nd5 c6 23. Ne3 Bxe3 24. fxe3 c5 25.
Bd5 a4 26. bxa4 Rb4 27. e4 Rxa4 28. Rd2 Rd6 29. Rb2 Rda6 30. Rb7 Ra7 31. Rb6 R4a6 32.
Rxa6 Rxa6 33. Rf2 Ra3 34. Kg2 Nf8 35. Rb2 Ne6 36. Bxe6 fxe6 37. Kf2 h5 38. Rb7+ Kg6 39. Rb6 Rxa2+ 40. Kf3 Rc2 41. Rxe6 Rxc4 42. Re8 Rc3+ 43. Kf2 h4 44. gxh4 Rxh3 45. Rg8+ Kf7 46. Rc8 Rxh4 47.
Ke3 Rh3+ 48. Kd2 Kg6 0-1

[Event "*** Titled Tuesday Blitz"]
[Site "Chess.com"]
[Date "2021.02.09"]
[Round "11"]
[White "CM_rui"]
[Black "GelmanAlexander"]
[Result "0-1"]
[WhiteElo "2385"]
[BlackElo "2613"]
[TimeControl "180+1"]
[EndTime "12:08:04 PST"]
[Termination "GelmanAlexander won by checkmate"]

1. e4 c5 2. Nf3 e6 3. c4 a6 4. d4 cxd4 5. Nxd4 b6 6. Nc3 Bb7 7. Be3 d6 8. Be2 Nf6 9. f3 Nbd7 10. O-O Rc8 11. Rc1 Rg8 12. Qd2 h6 13. b4 g5 14.
h3 Ne5 15. Na4 Nfd7 16. f4 gxf4 17. Rxf4 Rg5 18. Rcf1 Qe7 19. Nb3 f5 20. R4f2 Bxe4 21. Bxg5 hxg5 22. Bh5+ Kd8 23. Nd4 Rxc4 24. Rc1 Bg7 25.
Rxc4 Nxc4 26. Qc3 b5 27. Nb2 Qf6 28. Nxe6+ Ke7 29. Qxf6+ Bxf6 30. Nxc4 bxc4 31. Nc7 c3 32. Bd1 Bd4 33. Kf1 Bxf2 34. Kxf2 Bd3 35. Nxa6 Bxa6 36. Bc2 Ke6 37. a4 Bc4 38. b5 Nc5 39. Ke3 Ke5 40.
g4 d5 41. gxf5 d4+ 42. Kf2 d3 43. Bd1 c2 44. Bxc2 dxc2 45. Kg3 c1=Q 46. Kg4 Qf4+ 47. Kh5 Qxf5 48. b6 Kf6 49. h4 Be2+ 50. Kh6 Qg6# 0-1

[Event "*** Titled Tuesday Blitz"]
[Site "Chess.com"]
[Date "2021.02.09"]
[Round "11"]
[White "azikom"]
[Black "HajiyevKanan"]
[Result "1-0"]
[WhiteElo "2639"]
[BlackElo "2485"]
[TimeControl "180+1"]
[EndTime "12:08:05 PST"]
[Termination "azikom won by resignation"]

1. d4 c6 2. Nf3 d5 3. c4 Nf6 4. e3 Bf5 5. Nc3 e6 6. Nh4 Bg4 7. Qb3 Qb6 8. h3 Bh5 9. g4 Bg6 10. Nxg6 hxg6 11. Bg2 Nbd7 12. Bd2 g5 13. O-O-O Qxb3 14. axb3 Bd6 15. Kc2 Rc8 16. f4 gxf4 17. exf4 Kd8 18. Rhf1 Bb4 19. Kb1 Kc7 20. Nxd5+ Nxd5 21. cxd5 Bxd2 22. dxe6 Bb4 23. exd7 Kxd7 24. d5 c5 25. d6 b6 26. Bd5 Rcf8 27. Rf3 Rh6 28.
Rfd3 Rhh8 29. Bc4 f6 30. Bb5+ Kd8 31. d7 Rf7 32. Re3 Re7 33. Rxe7 Kxe7 34. Rd3 Rd8 35. h4 a6 36. Bc6 b5 37. h5 c4 38. bxc4 bxc4 39.
Rd4 a5 40. Rxc4 Kd6 41. Ba4 Kd5 42. Rc8 Be7 43. Kc2 Ke4 44. Rc4+ Kf3 45. f5 Ke3 46. b3 Bb4 47. Rc8 Be7 48. Kc3 Kf4 49. Rc4+ Kf3 50. Kd3 Bb4 51. Re4 Kg3 52. Re8 Be7 53.
Rxe7 Kxg4 54. Re8 Rxd7+ 55. Bxd7 1-0

[Event "*** Titled Tuesday Blitz"]
[Site "Chess.com"]
[Date "2021.02.09"]
[Round "11"]
[White "onetowin"]
[Black "Cuajada_Zero"]
[Result "0-1"]
[WhiteElo "2022"]
[BlackElo "2203"]
[TimeControl "180+1"]
[EndTime "12:08:05 PST"]
[Termination "Cuajada_Zero won by checkmate"]

1. d4 Nf6 2. Nf3 d5 3. g3 e6 4.
Bg2 b5 5. a4 b4 6. c4 bxc3 7.
Nxc3 Be7 8. O-O O-O 9. Bf4 Na6 10. e4 dxe4 11. Ng5 Bb7 12. Ngxe4 Nd5 13. Nxd5 Bxd5 14.
Qc2 Rc8 15. Nc5 Nxc5 16. dxc5 Bxg2 17. Kxg2 Qd5+ 18. Kg1 Qxc5 19. Qe4 Qd5 20. Qe3 c5 21.
Rfd1 Qb7 22. Rd2 Rfd8 23. Rad1 Rxd2 24. Rxd2 Bf6 25. Be5 Bxe5 26. Qxe5 h6 27. Qd6 c4 28. Qd4 Qb4 29. Qd7 Rf8 30. Rc2 a5 31. Qc6 Rd8 32.
Rxc4 Qxb2 33. Rc2 Qa1+ 34. Kg2 Qd4 35. Qc7 Rf8 36. Rc4 Qd5+ 37. Kg1 g6 38. Qc6 Qd1+ 39. Kg2 Rd8 40. Qc5 Rd5 41. Qc8+ Kg7 42. Qc6 Qd3 43. Rc3 Qe4+ 44. Kh3 Rh5# 0-1

[Event "*** Titled Tuesday Blitz"]
[Site "Chess.com"]
[Date "2021.02.09"]
[Round "11"]
[White "theultimatehunter"]
[Black "Loy_Konstantin"]
[Result "0-1"]
[WhiteElo "2254"]
[BlackElo "2385"]
[TimeControl "180+1"]
[EndTime "12:08:07 PST"]
[Termination "Loy_Konstantin won by resignation"]

1. d4 Nf6 2. c4 c5 3. d5 b5 4. cxb5 a6 5. b6 Qxb6 6. Nc3 d6 7. e4 g6 8. Nf3 Bg4 9. Be2 Bxf3 10. Bxf3 Bg7 11.
O-O O-O 12. Qc2 Nbd7 13. Bf4 Ne8 14. Rfe1 Nc7 15. Bg3 Nb5 16. Na4 Qb7 17. Rab1 Nd4 18.
Qd1 Rab8 19. Be2 Nb6 20. Nc3 Nd7 21. Bf1 Qb6 22. Bh4 Rfe8 23. Qa4 Nb5 24. Ne2 Qb7 25. b4 cxb4 26. Qxb4 Qa7 27. Rec1 Nc3 28. Nxc3 Rxb4 29. Rxb4 Rc8 30. Rb3 Bxc3 31. Rbxc3 Rxc3 32. Rxc3 f6 33. Rc6 Nc5 34. Bg3 Qb7 35. h4 h5 36. Bf4 Qb2 37. Be3 Qxa2 38. Bxc5 dxc5 39. Rxc5 a5 40. Rc8+ Kg7 41.
Rc7 Qa3 42. Ra7 Qb4 43. Kh2 a4 44. g3 a3 45. d6 Qxd6 46. e5 fxe5 47. Bc4 Kf6 48.
Kg2 Qd2 49. Ra6+ Kg7 50. Ra8 Qd4 51. Ra4 Qc5 52. Kg1 e4 53. Be6 e3 54. fxe3 Qxe3+ 0-1

[Event "*** Titled Tuesday Blitz"]
[Site "Chess.com"]
[Date "2021.02.09"]
[Round "11"]
[White "hypert"]
[Black "jacky72"]
[Result "0-1"]
[WhiteElo "2509"]
[BlackElo "2694"]
[TimeControl "180+1"]
[EndTime "12:08:08 PST"]
[Termination "jacky72 won by resignation"]

1. e4 a6 2. Nc3 e5 3. Nf3 Nc6 4. d4 exd4 5. Nxd4 Bb4 6. Nxc6 bxc6 7. Bd3 d6 8. O-O Bxc3 9. bxc3 Ne7 10. f4 O-O 11. f5 f6 12. c4 c5 13. Rf3 Nc6 14. Rh3 Qe8 15. Qg4 Rb8 16. Qh4 Qe5 17. Qxh7+ Kf7 18. Qg6+ Ke7 19. Rh7 Rf7 20. Rxg7 Nd8 21. Bg5 Qxa1+ 22. Kf2 fxg5 23. Rg8 Qd4+ 24. Ke2 Nc6 25.
Rxc8 Rxc8 26. Qe6+ Kf8 27. Qxc8+ Kg7 28. Qe6 Qf6 29.
Qe8 Nd4+ 30. Kd1 Nxf5 31. exf5 Re7 32. Qg6+ Qxg6 33. fxg6 g4 34. Bf5 g3 35. hxg3 Re3 36.
g4 Ra3 37. Kc1 Rxa2 38. Kb1 Ra4 39. Bd3 Rb4+ 40. Ka2 a5 41. Ka3 Kf6 42. c3 Rb8 43.
Ka4 Kg5 44. Bf5 Kf6 45. Kxa5 c6 46. Ka6 d5 47. Ka7 Rb3 48. g5+ Kg7 49. cxd5 cxd5 50. Be6 Ra3+ 51. Kb6 d4 52. cxd4 cxd4 53. Kc5 d3 54. Kc4 d2 55. Bg4 Ra4+ 56. Kc3 Rxg4 57. Kxd2 Rxg2+ 0-1

[Event "*** Titled Tuesday Blitz"]
[Site "Chess.com"]
[Date "2021.02.09"]
[Round "11"]
[White "politeplayer"]
[Black "TeukkaSalama"]
[Result "0-1"]
[WhiteElo "2209"]
[BlackElo "2382"]
[TimeControl "180+1"]
[EndTime "12:08:08 PST"]
[Termination "TeukkaSalama won on time"]

1. f4 d5 2. Nf3 Nf6 3. e3 c6 4. d4 Bg4 5. Bd3 g6 6. Nbd2 Bg7 7. h3 Bxf3 8. Qxf3 Nbd7 9. g4 a5 10. a4 Qb6 11. b3 e6 12. Bb2 Nb8 13. f5 Qc7 14. g5 Nh5 15. f6 Bf8 16. O-O-O b5 17. e4 bxa4 18. exd5 cxd5 19. Bb5+ Nc6 20.
Nc4 O-O-O 21. Bxc6 Qxc6 22. Ne5 Qc7 23. Qc3 Qxc3 24.
Bxc3 Ba3+ 25. Kd2 Rhf8 26. bxa4 Bd6 27. Bxa5 Bxe5 28. Bxd8 Bf4+ 29. Kd3 Rxd8 30. h4 Rd7 31. Rb1 Ra7 32. Rb4 Bg3 33. Rhb1 Bxh4 34. Rb8+ Kc7 35. a5 Bxg5 36. a6 Nf4+ 37. Kc3 Bxf6 38. R1b7+ Rxb7 39. Rxb7+ Kc6 40. Rb4 Ne2+ 41. Kd3 Nf4+ 42. Ke3 Ng2+ 43. Kf2 Nh4 0-1

[Event "*** Titled Tuesday Blitz"]
[Site "Chess.com"]
[Date "2021.02.09"]
[Round "11"]
[White "ChelsieMonica"]
[Black "MasterMK73"]
[Result "0-1"]
[WhiteElo "2321"]
[BlackElo "2240"]
[TimeControl "180+1"]
[EndTime "12:08:09 PST"]
[Termination "MasterMK73 won by resignation"]

1. g3 d5 2. Bg2 c5 3. c4 d4 4.
Nf3 Nc6 5. O-O e5 6. d3 Bd6 7.
Nbd2 Nge7 8. e4 O-O 9. Nh4 g6 10. f4 f5 11. exf5 Nxf5 12. Nxf5 Bxf5 13. Ne4 exf4 14.
Bxf4 Bxf4 15. Rxf4 Qb6 16. Qd2 Ne5 17. Raf1 Ng4 18.
Ng5 Ne3 19. Bd5+ Kg7 20. Rxf5 Rxf5 21. Rxf5 gxf5 22. Ne6+ Kf6 23. Nf4 Re8 24. Qe2 Qb4 25. a3 Qb3 26. Bf3 Qc2 27. Qe1 Ng4 28. Nh5+ Kf7 29. Bd5+ Kf8 30. Be6 Qxd3 31. Nf4 Qe3+ 32. Qxe3 dxe3 33. Bxf5 e2 34. Nxe2 Rxe2 35. Bxg4 Rxb2 36.
Bf3 Kf7 37. Bd5+ Kf6 38. a4 Ke5 39. a5 b6 40. axb6 axb6 41. Bc6 Rb4 42. Bb5 Kd4 43. Kg2 Rxb5 44. cxb5 c4 45. Kf2 Kd3 46. h4 c3 47.
g4 c2 48. h5 c1=Q 49. Kg3 Qg5 50. h6 Ke4 0-1

[Event "*** Titled Tuesday Blitz"]
[Site "Chess.com"]
[Date "2021.02.09"]
[Round "11"]
[White "Khnykin_Nikolay"]
[Black "LamaChampetre"]
[Result "1-0"]
[WhiteElo "2083"]
[BlackElo "2219"]
[TimeControl "180+1"]
[EndTime "12:08:09 PST"]
[Termination "Khnykin_Nikolay won by checkmate"]

1. e4 c5 2. d4 cxd4 3. c3 g6 4. cxd4 d5 5. exd5 Bg7 6. Nc3 Nf6 7. Bc4 O-O 8. Nf3 a6 9. O-O b5 10. Bb3 Bb7 11. Re1 b4 12. Na4 Bxd5 13. Bxd5 Nxd5 14. Bg5 Nd7 15. Qb3 N7f6 16. Nc5 h6 17. Bxf6 Bxf6 18. Rad1 a5 19. Ne5 Rc8 20. Ned7 Re8 21. Qxd5 Bg7 22.
Re3 e6 23. Qf3 Rc7 24. Ne5 Qd6 25. Ne4 Qe7 26. Qf4 Rd8 27. Rf3 g5 28. Nf6+ Kf8 29. Nh7+ Kg8 30. Nf6+ Kf8 31. Nh7+ Kg8 32. Qe4 f6 33. Ng6 Kxh7 34. Nxe7+ Kh8 35. Ng6+ Kg8 36. Qxe6+ Rf7 37. Ne7+ Kf8 38. Re1 Re8 39. Ng6+ Kg8 40.
Qxe8+ Kh7 41. Qxf7 h5 42. Qe8 Kh6 43. Rxf6 h4 44. Rf8 Kh5 45. Rh8+ Kg4 46. Qe4# 1-0

[Event "*** Titled Tuesday Blitz"]
[Site "Chess.com"]
[Date "2021.02.09"]
[Round "11"]
[White "chessdjw"]
[Black "platy3"]
[Result "0-1"]
[WhiteElo "2656"]
[BlackElo "2849"]
[TimeControl "180+1"]
[EndTime "12:08:10 PST"]
[Termination "platy3 won on time"]

1. c4 Nf6 2. Nc3 e6 3. e4 d5 4. cxd5 exd5 5. e5 Ne4 6. Nf3 Be7 7. d4 O-O 8. Bd3 Bf5 9. O-O c5 10. Re1 Nc6 11. Nxe4 dxe4 12. Bxe4 Bxe4 13. Rxe4 cxd4 14. a3 Qd7 15. Qd3 Rad8 16. Bd2 Qf5 17. Rae1 a6 18. h3 Rd7 19. Bh6 gxh6 20. Rg4+ Qg6 21. e6 Rd6 22.
Rxg6+ hxg6 23. h4 Kg7 24. h5 g5 25. exf7 Rxf7 26. Ne5 Nxe5 27. Rxe5 Kf8 28. Kf1 Bf6 29. Rf5 Re7 30. g3 Ke8 31. Rf3 Be5 32. Qf5 Kd8 33. Qf8+ Kd7 34. Qf5+ Kc7 35. Kg2 Rde6 36. Rd3 Kb8 37. Qf8+ Ka7 38. Rf3 Rc7 39. Qd8 Rc5 40.
Rf8 Rd6 41. Qa8+ Kb6 42. Rf7 Rc7 43. Rxc7 Kxc7 44. Kf1 d3 45. Ke1 Bxb2 46. a4 Bc3+ 47. Kd1 Re6 0-1

[Event "*** Titled Tuesday Blitz"]
[Site "Chess.com"]
[Date "2021.02.09"]
[Round "11"]
[White "ehrenfeld"]
[Black "Jungle_Jaguar"]
[Result "1-0"]
[WhiteElo "2534"]
[BlackElo "2629"]
[TimeControl "180+1"]
[EndTime "12:08:11 PST"]
[Termination "ehrenfeld won by checkmate"]

1. e4 e5 2. Nc3 Nf6 3. f4 d6 4. Nf3 Nc6 5. Bc4 Bg4 6. O-O Nd4 7. fxe5 dxe5 8. Bxf7+ Ke7 9. Bb3 Nxf3+ 10. gxf3 Bh3 11. Re1 Ke8 12. d3 Bc5+ 13. Be3 Bxe3+ 14. Rxe3 Nh5 15.
f4 Nxf4 16. Rg3 Qd4+ 17. Kh1 g6 18. Nd5 Nxd5 19. Bxd5 Bd7 20. c3 Qb6 21. Qd2 c6 22. Qg5 Qc7 23. Bb3 Rf8 24. Rgg1 Qd6 25. Raf1 Rf4 26.
d4 Qf8 27. Qxe5+ Qe7 28. Qxe7+ Kxe7 29. Rxf4 c5 30. Rf7+ Kd6 31. Rxh7 cxd4 32. cxd4 Re8 33. Rxg6+ Kc7 34. e5 Kc8 35. Rxd7 Kxd7 36. Ba4+ b5 37. Bxb5+ Ke7 38. Bxe8 Kxe8 39. d5 a5 40. Rg7 a4 41.
e6 Kf8 42. Rb7 a3 43. b3 Kg8 44. d6 Kh8 45. d7 Kg7 46. d8=Q+ Kg6 47. Qf8 Kh5 48.
Rg7 Kh4 49. Qh8# 1-0

[Event "*** Titled Tuesday Blitz"]
[Site "Chess.com"]
[Date "2021.02.09"]
[Round "11"]
[White "Margency"]
[Black "Sergey85Rodchenkov"]
[Result "1-0"]
[WhiteElo "2641"]
[BlackElo "2489"]
[TimeControl "180+1"]
[EndTime "12:08:12 PST"]
[Termination "Margency won by resignation"]

1. e4 c5 2. Nf3 d6 3. d4 cxd4 4. Nxd4 Nf6 5. Nc3 a6 6. Be3 e5 7. Nb3 Be7 8. f3 Qc7 9. Qd2 Be6 10. O-O-O b5 11. g4 O-O 12. g5 b4 13. Ne2 Nfd7 14. Kb1 a5 15. f4 exf4 16. Nxf4 Bxb3 17.
cxb3 Ne5 18. Nd5 Qd8 19. h4 Nbd7 20. Nxe7+ Qxe7 21. Qxd6 Qxd6 22. Rxd6 Rac8 23. Bb5 Rc7 24. Rhd1 Ng4 25. Bg1 Nde5 26. Bb6 Rb7 27. Be2 g6 28.
Bxa5 Nf2 29. R1d4 Rc8 30. Rd8+ Rxd8 31. Rxd8+ Kg7 32. Rd5 Nc6 33. Bc4 Nxe4 34. Kc2 Nxa5 35. Rxa5 Rd7 36. Rd5 Re7 37. a3 Ng3 38. Bd3 Rc7+ 39.
Kd2 Nh5 40. Rd4 Ng3 41. Rxb4 h6 42. Rg4 Nh5 43. b4 f5 44. gxf6+ Nxf6 45. Rxg6+ Kf7 46. Rxh6 Ke6 47. b5 Ke5 48. b6 Rc6 49. b7 Rb6 50.
Ba6 Rxb2+ 51. Kc3 Rb6 52. Rh8 Nd5+ 53. Kd2 Nc7 54. b8=Q Rxb8 55. Rxb8 Nxa6 56. Rb6 1-0

[Event "*** Titled Tuesday Blitz"]
[Site "Chess.com"]
[Date "2021.02.09"]
[Round "11"]
[White "pavelalexandru07"]
[Black "volunteers1998"]
[Result "1-0"]
[WhiteElo "2349"]
[BlackElo "2078"]
[TimeControl "180+1"]
[EndTime "12:08:13 PST"]
[Termination "pavelalexandru07 won on time"]

1. e4 c5 2. Nf3 Nc6 3. d4 cxd4 4.
Nxd4 Nf6 5. Nc3 e5 6. Ndb5 d6 7. Bg5 a6 8. Na3 b5 9. Bxf6 gxf6 10. Nd5 f5 11. c3 Be6 12. Bd3 Bg7 13. O-O O-O 14.
f3 fxe4 15. fxe4 f5 16. Nc2 Bxd5 17. exd5 Ne7 18. a4 Rb8 19. axb5 axb5 20. Nb4 e4 21. Be2 Ng6 22. Kh1 Ne5 23. Qd2 Qf6 24. Ra7 Rf7 25.
Rxf7 Qxf7 26. Qf4 Rf8 27. Bxb5 Qh5 28. h3 Bh6 29. Qf2 f4 30. Nc6 e3 31. Qe2 Qxe2 32.
Bxe2 Kg7 33. Nxe5 dxe5 34. c4 Rb8 35. Rb1 e4 36. c5 Kf6 37. b4 Ke5 38. d6 Rf8 39.
Rf1 Kd5 40. Bg4 Kc4 41. d7 Kxb4 42. c6 f3 43. gxf3 exf3 44. Bxf3 Bf4 45. Be2 Rd8 46. Rxf4+ Kc5 47. Re4 Rxd7 48. Rxe3 Kxc6 49. Bf3+ 1-0

[Event "*** Titled Tuesday Blitz"]
[Site "Chess.com"]
[Date "2021.02.09"]
[Round "11"]
[White "Murad_Ibrahimli"]
[Black "hansen"]
[Result "1-0"]
[WhiteElo "2731"]
[BlackElo "2927"]
[TimeControl "180+1"]
[EndTime "12:08:14 PST"]
[Termination "Murad_Ibrahimli won on time"]

1. d4 Nf6 2. c4 e6 3. Nf3 d5 4. g3 Bb4+ 5. Bd2 Be7 6. Bg2 O-O 7.
O-O c6 8. Qb3 b6 9. Rd1 a5 10.
Qc2 Ba6 11. b3 Nbd7 12. Bf4 Rc8 13. Nbd2 c5 14. dxc5 Bxc5 15. Qb2 Qe7 16. Bg5 h6 17. Bxf6 Nxf6 18. e3 Rfd8 19. a3 dxc4 20. Nxc4 Bxc4 21.
Rxd8+ Rxd8 22. bxc4 Qd7 23. Bf1 Ne4 24. Be2 Qe7 25. Qc2 Qf6 26. Rd1 Rxd1+ 27. Bxd1 Nc3 28. a4 g5 29. h3 Kg7 30. Kg2 Bb4 31. Nd4 Qe5 32. Bf3 Qc5 33. Qd3 Nxa4 34. Nxe6+ fxe6 35. Qd7+ Qe7 36. Qxa4 Bc5 37. Qc6 Kf6 38. Bg4 Qd6 39. Qf3+ Ke7 40. Qe4 a4 41. Qh7+ Kd8 42. Qxh6 Qe5 43.
Qh7 a3 44. Qd3+ Kc7 45. Qc2 Qb2 46. Qh7+ Kd6 47. Qf7 Qe5 48. Qf8+ Kd7 49. Qa8 Ke7 50. Qb7+ Kf6 51. Qh7 Bxe3 52. Qh8+ 1-0